 Dungeon Crawl Stone Soup version 0.27-a0-124-g19cb506db8 (webtiles) character file.

Game seed: 4334335579753583718

16 tsouns the Sneak (level 2, 0/24 HPs)
             Began as a Spriggan Delver on Jan 25, 2021.
             Slain by a shadow imp (3 damage)
             ... on level 5 of the Dungeon.
             The game lasted 00:00:34 (137 turns).

tsouns the Sneak (Spriggan Delver)                   Turns: 137, Time: 00:00:35

Health: 0/24       AC: 21    Str:  8    XL:     2   Next: 37%
Magic:  3/3        EV:  4    Int: 11    God:
Gold:   8          SH:  0    Dex: 17    Spells: 1/1 levels left

rFire    . . .     SeeInvis +   a - +0 short sword
rCold    . . .     Faith    .   (shield restricted)
rNeg     + + +     Spirit   .   (armour currently unavailable)
rPois    +         Reflect  .   (helmet currently unavailable)
rElec    .         Harm     .   (cloak currently unavailable)
rCorr    .         Rampage  .   (gloves unavailable)
Will     .....     NoTele   +   (boots unavailable)
Stlth    ++++......             (no amulet)
HPRegen  0.08/turn              (no ring)
MPRegen  0.08/turn              (no ring)

@: tree-form, hasted, very quick
A: very small, unfitting armour, see invisible
a: no special abilities


You were on level 5 of the Dungeon.
You were a tree.
You visited 1 branch of the dungeon, and saw 2 of its levels.

You collected 8 gold pieces.

Inventory:

Hand Weapons
 a - a +0 short sword (weapon)
Armour
 b - a +0 robe (melded)
Wands
 g - a wand of digging (3)
Scrolls
 c - a scroll of fog
 d - a scroll of magic mapping
 e - a scroll of fear


   Skills:
 + Level 2.6 Fighting
 + Level 2.5 Short Blades
 + Level 3.4 Dodging
 + Level 7.5 Stealth


You had one spell level left.
You didn't know any spells.
Your spell library was empty.

Dungeon Overview and Level Annotations

Branches:
Dungeon (6/15)
 Temple: D:4-7

Altars:


Innate Abilities, Weirdness & Mutations

You are very small and have problems with some larger weapons.
You are too small for most types of armour.
You have supernaturally acute eyesight. (SInv)
((You cover ground extremely quickly.))


Message History

You hit the shadow imp.
The shadow imp is almost dead.
The shadow imp hits you but does no damage.
You hit the shadow imp but do no damage.
The shadow imp is almost dead.
You hit the shadow imp but do no damage.
The shadow imp is almost dead.
The shadow imp hits you but does no damage.
You barely miss the shadow imp.
The shadow imp is almost dead.
The shadow imp hits you but does no damage.
You hit the shadow imp.
The shadow imp is almost dead.
You completely miss the shadow imp.
The shadow imp is almost dead.
The shadow imp hits you but does no damage.
You closely miss the shadow imp.
The shadow imp is almost dead.
The shadow imp hits you.
You die...

.. <. .. #.# .# #.# #
# #.# #.# .# #.
#.###5###.#
#.##.##..♣.).#
...........##
#.........##
#.......>..#
######..........#
#...............#
.####.####.#.......##
...........#.......#
..........##.###.#.#


You could see a shadow imp.

Vanquished Creatures
  A hound zombie (D:5)
1 creature vanquished.

Notes
Turn   | Place    | Note
-------+----------+-------------------------------------------
     0 | D:5      | tsouns the Spriggan Delver began the quest for the Orb.
     0 | D:5      | Reached XP level 1. HP: 11/11 MP: 2/2
     3 | D:6      | Noticed a centaur
     3 | D:6      | Noticed an orc priest
    47 | D:5      | Reached XP level 2. HP: 13/16 MP: 3/3
   137 | D:5      | Slain by a shadow imp

Illustrated notes

Levels and vault maps discovered:
D:5:      layout_loops_ring, minmay_temple_entry_hall
D:6:      layout_basic, grunt_dithmenos_shadows, portal_sewer_entry_b,
          st_stairs_14

Action                   || total
-------------------------++-------
Melee: Short sword       ||    37
  Use: Potion            ||     2
Armor: Robe              ||     4
       Skin              ||    10
Dodge: Dodged            ||    16

Table legend: (Time is in decaauts)
 A = Elapsed time spent in this place.
 B = Non-inter-level travel time spent in this place.
 C = Inter-level travel time spent in this place.
 D = Time resting spent in this place.
 E = Time spent auto-exploring this place.
 F = Levels seen in this place.
 G = Mean time per level.
                   A        B        C        D        E       F      G
               +--------+--------+--------+--------+--------+-----+--------+
         Total |    119 |    119 |      0 |      0 |     70 |   2 |   59.5 |
       Dungeon |    119 |    119 |      0 |      0 |     70 |   2 |   59.5 |
               +--------+--------+--------+--------+--------+-----+--------+

Top non-repeatable levels by time:
     D:5: 115 daAuts
     D:6: 3 daAuts
